 Dungeon Crawl Stone Soup version 0.30.0-30-g96aa6591b8 (webtiles) character file.

Game seed: 2499849267965015134

40 Dillybarz the Shield-Bearer (level 3, -1/36 HPs)
             Began as a Troll Fighter on June 27, 2023.
             Slain by a water moccasin (4 damage)
             ... on level 3 of the Dungeon.
             The game lasted 00:06:20 (1471 turns).

Dillybarz the Shield-Bearer (Troll Fighter)         Turns: 1471, Time: 00:06:20

Health: -1/36      AC:  4    Str: 24    XL:     3   Next: 30%
Magic:  2/2        EV:  8    Int:  6    God:
Gold:   81         SH:  7    Dex:  9    Spells: 2/2 levels left

rFire   . .          .
                       - Unarmed
rCold   . . .        b - +0 kite shield
rNeg    . . .        a - +0 robe
rPois   .            (helmet restricted)
rElec   .            (no cloak)
rCorr   .            (gloves unavailable)
SInv    .            (boots unavailable)
Will    .....        (no amulet)
Stlth   +            (no ring)
HPRegen 1.06/turn    (no ring)
MPRegen 0.08/turn

%: no passive effects
@: lethally poisoned (-1 -> -9)
A: large, unfitting armour, claws 3, regeneration 1, shaggy fur 1, tough skin 1
a: no special abilities


You were on level 3 of the Dungeon.
You visited 1 branch of the dungeon, and saw 3 of its levels.

You collected 81 gold pieces.

Inventory:

Armour
 a - a +0 robe (worn)
 b - a +0 kite shield (worn)
Scrolls
 f - a scroll of amnesia {unknown}
 i - a scroll of enchant armour {unknown}
 j - a scroll of teleportation {unknown}
 k - a scroll of identify {unknown}
Potions
 c - a potion of might
 d - a potion of invisibility {unknown}
 e - a potion of lignification {unknown}
 g - 2 potions of curing {unknown}
 h - a potion of heal wounds {unknown}


   Skills:
 + Level 2.7 Fighting
 - Level 2.4 Dodging
 + Level 3.0 Shields
 * Level 3.0 Unarmed Combat


You had 2 spell levels left.
You didn't know any spells.
Your spell library contained the following spells:

 Spells                   Type           Power      Damage    Failure   Level
 Dazzling Flash           Conj/Hex       0%         N/A       97%         3
 Agony                    Necr           0%         N/A       100%        5
 Silence                  Hex/Air        0%         N/A       100%        5


Dungeon Overview and Level Annotations

Branches:
Dungeon (3/15)

Altars:

Shops:
D:1 =


Innate Abilities, Weirdness & Mutations

You are too large for most types of armour.
You have claws for hands.
Your natural rate of healing is unusually fast.
You are covered in fur. (AC +1)
You have tough skin. (AC +1)


Message History

You scratch the orc but do no damage. You block the orc's attack.
You claw the orc!
You kill the orc!
Your Unarmed Combat skill increases to level 3!
You claw the orc!
You kill the orc!
You closely miss the orc. You block the orc's attack.
You claw the orc!
You kill the orc!
The water moccasin bites you.
You are poisoned.
The water moccasin poisons you!
You closely miss the water moccasin.
You feel very sick. The water moccasin bites you.
You are more poisoned.
The water moccasin poisons you!
You claw the water moccasin!
The water moccasin is heavily wounded.
You feel very sick.
The water moccasin completely misses you.
The water moccasin closely misses you.
You scratch the water moccasin.
The water moccasin is severely wounded.
You feel very sick. The water moccasin bites you.
You are lethally poisoned!
The water moccasin poisons you!
You closely miss the water moccasin.
The water moccasin is severely wounded.
* * * LOW HITPOINT WARNING * * *
You feel very sick.
The water moccasin bites you but does no damage.
You block the water moccasin's attack.
You closely miss the water moccasin.
The water moccasin is severely wounded.
* * * LOW HITPOINT WARNING * * *
You feel very sick. The water moccasin bites you.
You die...

#. ... ...
..
######.#..#
#.<.@So.#
#.####.#..#
#. # #. #.
#. #. #.


You could see a water moccasin and an orc.

Vanquished Creatures
  A worm (D:2)
  A dart slug (D:1)
  4 orcs (D:3)
  An endoplasm (D:1)
  2 giant cockroaches (D:2)
  6 goblins
  2 hobgoblins (D:1)
  3 ball pythons
  A bat (D:1)
  A frilled lizard (D:2)
  A kobold (D:1)
  7 rats
30 creatures vanquished.

Notes
Turn   | Place    | Note
-------+----------+-------------------------------------------
     0 | D:1      | Dillybarz the Troll Fighter began the quest for the Orb.
     0 | D:1      | Reached XP level 1. HP: 22/22 MP: 0/0
   333 | D:1      | Reached XP level 2. HP: 29/29 MP: 1/1
   452 | D:1      | Found Vuvvirghu's Jewellery Shoppe.
  1291 | D:2      | Reached XP level 3. HP: 36/36 MP: 2/2
  1460 | D:3      | Noticed a water moccasin
  1471 | D:3      | Slain by a water moccasin

Illustrated notes

Levels and vault maps discovered:
D:1:      evilmike_arrival_crescent, layout_basic, serial_shops,
          nicolae_shop_trees, st_stairs_10
D:2:      layout_loops_ring
D:3:      layout_loops_ring, shapermc_ecumenical_altar_pompeii,
          mrwooster_statue_mirror

Skill      XL: |  1  2  3 |
---------------+----------+-----
Shields        | 3 |  3.0
Unarmed Combat | 3 |  3.0
Fighting       | |  2.7
Dodging        | |  2.4

Action                     || total
---------------------------++-------
  Melee: Unarmed           ||   103
 Armour: Robe              ||    19
  Dodge: Dodged            ||    29
  Block: Kite shield       ||    22
